 Dungeon Crawl Stone Soup version 0.27-a0-380-g150de4c316 (webtiles) character file.

Game seed: 16902858074168747253

2287 toffzen the Arsonist (level 9, -19/45 HPs)
             Began as a Deep Elf Fire Elementalist on Feb 12, 2021.
             Was a Follower of Vehumet.
             Demolished by a white ugly thing (20 damage)
             ... on level 7 of the Dungeon on Feb 17, 2021.
             The game lasted 00:39:52 (9685 turns).

toffzen the Arsonist (Deep Elf Fire Elementalist)   Turns: 9685, Time: 00:39:53

Health: -19/45     AC: 10    Str:  5    XL:     9   Next: 17%
Magic:  12/17      EV: 13    Int: 24    God:    Vehumet [*.....]
Gold:   321        SH:  0    Dex: 15    Spells: 12/16 levels left

rFire    . . .     SeeInvis .   a - +3 dagger (holy)
rCold    . . .     Faith    .   (no shield)
rNeg     . . .     Spirit   .   r - +0 robe
rPois    +         Reflect  .   k - +0 helmet
rElec    .         Harm     .   (no cloak)
rCorr    .         Rampage  .   t - +1 pair of gloves
Will     .....                  j - +0 pair of boots
Stlth    ++........             (no amulet)
HPRegen  0.15/turn              i - +4 ring of protection
MPRegen  0.15/turn              w - ring of poison resistance

@: about to teleport
A: no striking features
a: Renounce Religion


You were on level 7 of the Dungeon.
You worshipped Vehumet.
Vehumet was aware of your devotion.
You visited 2 branches of the dungeon, and saw 8 of its levels.

You collected 321 gold pieces.

Inventory:

Hand Weapons
 a - a +3 dagger of holy wrath (weapon)
 b - a +0 vorpal hunting sling
Missiles
 c - 162 stones
 u - 8 boomerangs
 z - 2 curare-tipped darts
 A - 6 poisoned darts
 B - a throwing net
 F - 7 atropa-tipped darts
Armour
 j - a +0 pair of boots (worn)
 k - a +0 helmet (worn)
 r - a +0 robe (worn)
 t - a +1 pair of gloves (worn)
Jewellery
 e - a ring of flight
 h - a ring of ice
 i - a +4 ring of protection (left hand)
 w - a ring of poison resistance (right hand)
 C - an amulet of guardian spirit
 D - a ring of see invisible
Scrolls
 f - 3 scrolls of enchant weapon
 g - 6 scrolls of teleportation
 l - a scroll of identify
 m - a scroll of fear {unknown}
 q - 2 scrolls of immolation
 x - a scroll of fog {unknown}
 y - a scroll of magic mapping {unknown}
 G - a scroll of vulnerability {unknown}
Potions
 d - 2 potions of resistance
 n - a potion of brilliance {unknown}
 o - 2 potions of cancellation
 p - a potion of heal wounds
 s - a potion of might {unknown}
 v - 4 potions of curing
 E - a potion of mutation {unknown}


   Skills:
 - Level 2.4 Dodging
 - Level 2.4 Stealth
 - Level 4.0 Spellcasting
 * Level 9.4 Conjurations
 * Level 9.9 Fire Magic


You had 12 spell levels left.
You knew the following spells:

 Your Spells              Type           Power        Failure   Level
a - Foxfire               Conj/Fire      100%         1%          1
b - Conjure Flame         Conj/Fire      50%          1%          3

Your spell library contained the following spells:

 Spells                   Type           Power        Failure   Level
 Shock                    Conj/Air       100%         1%          1
 Sticky Flame             Conj/Fire      50%          1%          4
 Inner Flame              Hex/Fire       28%          3%          3
 Fireball                 Conj/Fire      25%          4%          5
 Sting                    Tmut/Pois      16%          10%         1
 Freezing Cloud           Conj/Ice/Air   9%           99%         6


Dungeon Overview and Level Annotations

Branches:
Dungeon (7/15)             Temple (1/1) D:5

Altars:
Ashenzari
Cheibriados
Dithmenos
Elyvilon
Fedhas
Gozag
Hepliaklqana
Kikubaaqudgha
Makhleb
Nemelex Xobeh
Okawaru
Qazlal
Ru
Sif Muna
Trog
Uskayaw
Vehumet
Wu Jian
Xom
Yredelemnul
Zin
The Shining One
Beogh

Shops:
D:4 ?   D:5 (**(   D:7 *

Annotations:
D:5 3 runed translucent doors, bmj180's ghost, novice DrCj


Message History

Your foxfire dissipates!
You start resting.
Magic restored.
You conjure some foxfire!
You conjure some foxfire!
The foxfire hits the white ugly thing.
The white ugly thing is lightly wounded.
You conjure some foxfire!
The foxfire hits the white ugly thing.
The white ugly thing is lightly wounded.
You conjure some foxfire!
The foxfire hits the white ugly thing.
The white ugly thing is lightly wounded.
The foxfire hits the white ugly thing!
The white ugly thing is moderately wounded.
The foxfire hits the white ugly thing but does no damage.
The white ugly thing is moderately wounded.
The foxfire hits the white ugly thing.
The white ugly thing is moderately wounded.
The foxfire hits the white ugly thing.
The white ugly thing is heavily wounded.
You conjure some foxfire!
The foxfire hits the white ugly thing.
The white ugly thing is heavily wounded.
You conjure some foxfire!
The foxfire hits the white ugly thing.
The white ugly thing is heavily wounded.
The foxfire hits the white ugly thing!
The white ugly thing is severely wounded.
The foxfire hits the white ugly thing.
The white ugly thing is severely wounded.
You conjure some foxfire!
The white ugly thing barely misses you.
The foxfire hits the white ugly thing.
The white ugly thing is severely wounded.
The foxfire hits the white ugly thing.
The white ugly thing is severely wounded.
The white ugly thing headbutts you. The white ugly thing freezes you!!
Ouch! That really hurt!
* * * LOW HITPOINT WARNING * * *
The white ugly thing barely misses you.
As you read the scroll of teleportation, it crumbles to dust.
You feel strangely unstable. The white ugly thing headbutts you!
* * * LOW HITPOINT WARNING * * *
The white ugly thing freezes you!!
You die...

#.........#.#...#.#...#.#...#
#.........#...#...#...#....#
###...##...†................#
.........#...#...#...#...#..#
#.##.....#.#...#.#...#(#...#
##......#...#...#...#....#
#........................#
......†....#..u#...#...#...#..#
.......###..#[#@..#.#...#[#...#
.....∩##.....#...#...#...#....#
.............................##
.................##.....#######
...... ..............#.##
.....................###
..>...............)..#
..........#........)##
#........# ..........#


You could see a white ugly thing.

Vanquished Creatures
  Sigmund (D:5)
  A yak (D:6)
  A sky beast (D:7)
  An orc warrior (D:7)
  A necrophage (D:7)
  2 ogres
  5 centaurs
  A phantom (D:5)
  A kobold brigand (D:6)
  4 bullfrogs
  A howler monkey (D:7)
  2 bullfrog zombies
  A quasit (D:7)
  A centaur zombie (D:6)
  2 jellies (D:5)
  An orc priest (D:5)
  An iguana (D:7)
  3 orc wizards
  5 worker ants
  A hound zombie (D:4)
  Robin (D:2)
  8 adders
  2 shadow imps
  2 white imps (D:7)
  An ufetubus (D:5)
  An adder skeleton (D:4)
  3 worms
  3 dart slugs
  2 leopard geckos
  16 orcs
  4 giant cockroaches
  17 goblins
  9 hobgoblins
  4 jackals (D:7)
  12 kobolds
  5 quokkas
  7 bats
  5 frilled lizards
  A jackal skeleton (D:6)
  4 rats
143 creatures vanquished.

Vanquished Creatures (others)
  580 foxfires
  2 plants (D:5)
582 creatures vanquished.

Grand Total: 725 creatures vanquished

Notes
Turn   | Place    | Note
-------+----------+-------------------------------------------
     0 | D:1      | toffzen the Deep Elf Fire Elementalist began the quest for
                  | the Orb.
     0 | D:1      | Reached XP level 1. HP: 10/10 MP: 6/6
   365 | D:1      | Reached XP level 2. HP: 15/15 MP: 4/8
  1101 | D:2      | Reached XP level 3. HP: 19/19 MP: 5/9
  1525 | D:2      | Found a basalt altar of Yredelemnul.
  1684 | D:2      | Noticed Robin
  1727 | D:2      | Killed Robin
  1728 | D:2      | Reached XP level 4. HP: 20/24 MP: 4/11
  1859 | D:2      | Learned a level 3 spell: Conjure Flame
  2212 | D:2      | Found a hazy altar of Hepliaklqana.
  2212 | D:2      | Found a glowing silver altar of Zin.
  2214 | D:2      | Found a white marble altar of Elyvilon.
  2552 | D:3      | Found a faded altar of an unknown god.
  3949 | D:4      | Found Suil Own's Magic Scroll Boutique.
  4161 | D:4      | Found a shadowy altar of Dithmenos.
  4187 | D:4      | Reached XP level 5. HP: 28/28 MP: 8/13
  4286 | D:4      | Noticed an ogre
  4640 | D:5      | Entered Level 5 of the Dungeon
  4642 | D:5      | Reached skill level 5 in Fire Magic
  4644 | D:5      | Found Myruc's Assorted Antiques.
  4664 | D:5      | Found a runed translucent gate.
  4668 | D:5      | Found Boorhik's Assorted Antiques.
  4739 | D:5      | Noticed a centaur
  4743 | D:5      | Noticed a phantom
  5056 | D:6      | Reached XP level 6. HP: 32/32 MP: 8/14
  5193 | D:5      | Found Vejilit's Weapon Emporium.
  5682 | D:4      | Reached skill level 5 in Conjurations
  6024 | D:5      | Reached XP level 7. HP: 11/36 MP: 5/15
  6237 | D:5      | Noticed bmj180's ghost (novice DrCj)
  6239 | D:5      | Found a runed translucent gate.
  6239 | D:5      | Found a runed translucent gate.
  6242 | D:5      | Found a roughly hewn altar of Beogh.
  6252 | D:5      | Found a staircase to the Ecumenical Temple.
  6367 | Temple   | Entered the Ecumenical Temple
  6547 | Temple   | Became a worshipper of Vehumet
  6637 | D:5      | Noticed Sigmund
  6741 | D:5      | Found Baironiw's Weapon Shop.
  6960 | D:6      | Found a bloodstained altar of Trog.
  6973 | D:6      | Found an ancient bone altar of Kikubaaqudgha.
  6974 | D:6      | Found a broken altar of Ashenzari.
  6986 | D:6      | Found a hide-covered altar of Uskayaw.
  6986 | D:6      | Found a sacrificial altar of Ru.
  8341 | D:5      | Killed Sigmund
  8342 | D:5      | Reached XP level 8. HP: 41/41 MP: 11/16
  8535 | D:7      | Upgraded the game from 0.27-a0-333-gfa571bf19a to
                  | 0.27-a0-380-g150de4c316
  8674 | D:7      | Reached * piety under Vehumet
  8674 | D:7      | Offered knowledge of Shock by Vehumet.
  9029 | D:7      | Noticed a white ugly thing
  9206 | D:7      | Found a shadowy altar of Dithmenos.
  9232 | D:7      | Identified the Incunabulum of Harmful Contamination
  9421 | D:7      | Reached XP level 9. HP: 44/45 MP: 13/17
  9655 | D:7      | Found Neetueci's Assorted Antiques.
  9685 | D:7      | HP: 1/45 [white ugly thing (13)]
  9685 | D:7      | Demolished by a white ugly thing

Illustrated notes

Levels and vault maps discovered:
D:1:      amcnicky_arrival_underground_garden, layout_loops_ring
D:2:      layout_loops_ring, minitemple, nicolae_overflow_hidden_temple,
          uniq_robin
D:3:      layout_loops_ring, chequers_ecumenical_altar_twisty, serial_aquarium,
          aquarium_bridge_square [aquarium_subvault_wall,
          aquarium_subvault_bridge, aquarium_subvault_bridge,
          aquarium_subvault_wall], aquarium_window_fake, aquarium_window_fake,
          aquarium_view_2b, aquarium_balcony_1b, aquarium_pool_double
D:4:      layout_gridville, kennysheep_mini, serial_shops, shop_fountains
D:5:      layout_basic, minmay_temple_entry_stoned_glass, serial_shops, shop,
          nicolae_shop_window_shopping, nicolae_shop_overgrown_old_shop,
          nicolae_shop_temple_entry_statues_fountains,
          biasface_ghost_orc_armoury, chequers_serial_rivers_large_b,
          uniq_sigmund
D:6:      layout_cave_pods, minmay_overflow_temple_star_hex
D:7:      cheibrodos_fzero, layout_cave_pools, serial_shops, shop,
          nicolae_dithmenos_shadow_blocks
Temple:   minmay_temple_bridge_abc

Skill      XL: |  1  2  3  4  5  6  7  8 |
---------------+-------------------------+-----
Conjurations   | 2 3 4 5 7 9 |  9.4
Fire Magic     | 4 5 6 8 9 |  9.9
Spellcasting   | 4 |  4.0
Dodging        | |  2.4
Stealth        | |  2.4

Action                   |  1- 3 |  4- 6 |  7- 9 || total
-------------------------+-------+-------+-------++-------
Melee: Dagger            |       |     3 |     5 ||     8
 Cast: Foxfire           |    72 |   105 |   187 ||   364
       Conjure Flame     |       |     3 |     3 ||     6
  Use: Scroll            |     2 |     9 |     5 ||    16
       Potion            |       |     1 |       ||     1
 Stab: Sleeping          |       |     1 |       ||     1
Armor: Robe              |     2 |    15 |    13 ||    30
Dodge: Dodged            |     4 |    24 |    49 ||    77

Table legend: (Time is in decaauts)
 A = Elapsed time spent in this place.
 B = Non-inter-level travel time spent in this place.
 C = Inter-level travel time spent in this place.
 D = Time resting spent in this place.
 E = Time spent auto-exploring this place.
 F = Levels seen in this place.
 G = Mean time per level.
                   A        B        C        D        E       F      G
               +--------+--------+--------+--------+--------+-----+--------+
         Total |   9717 |   9394 |    323 |   2854 |   1256 |   8 | 1214.6 |
       Dungeon |   9513 |   9190 |    323 |   2854 |   1085 |   7 | 1359.0 |
        Temple |    203 |    203 |      0 |      0 |    171 |   1 |  203.0 |
               +--------+--------+--------+--------+--------+-----+--------+

Top non-repeatable levels by time:
     D:5: 1694 daAuts
     D:6: 1645 daAuts
     D:2: 1479 daAuts
     D:3: 1352 daAuts
     D:4: 1130 daAuts
     D:7: 1112 daAuts
     D:1: 1098 daAuts
  Temple: 203 daAuts
